 Dungeon Crawl Stone Soup version 0.31-a0-95-g6fa058ef04 (webtiles) character file.

Game seed: 2664813872213903060

1460 Zonian the Gusty (level 8, -2/41 HPs)
             Began as a Tengu Air Elementalist on May 26, 2023.
             Was a Follower of Vehumet.
             Killed by divine providence
             ... invoked by an orc priest
              (7 damage)
             ... on level 6 of the Dungeon.
             The game lasted 00:15:33 (9591 turns).

Zonian the Gusty (Tengu Air Elementalist)           Turns: 9591, Time: 00:15:34

Health: -2/41      AC:  2    Str: 10    XL:     8   Next: 76%
Magic:  10/16      EV: 17    Int: 17    God:    Vehumet [*.....]
Gold:   340        SH:  0    Dex: 14    Spells: 5/16 levels left

rFire   . . .        p - +1 dagger (venom)
rCold   . . .        (no shield)
rNeg    . . .        a - +0 robe
rPois   .            (helmet restricted)
rElec   .            (no cloak)
rCorr   .            (no gloves)
SInv    .            (boots unavailable)
Will    .....        (no amulet)
Stlth   +++          (no ring)
HPRegen 0.26/turn    (no ring)
MPRegen 0.15/turn

%: no passive effects
@: flying quickly and evasively, quick
A: beak, talons 3, nimble flight
a: Renounce Religion


You were on level 6 of the Dungeon.
You worshipped Vehumet.
Vehumet was aware of your devotion.
You visited 1 branch of the dungeon, and saw 6 of its levels.

You collected 340 gold pieces.

Inventory:

Hand Weapons
 b - a +0 orcbow
 e - a +0 dagger of freezing
 l - a +1 dagger of speed
 p - a +1 dagger of venom (weapon)
Missiles
 r - 5 boomerangs
 s - a throwing net
 v - 3 poisoned darts
Armour
 a - a +0 robe (worn)
Wands
 n - a wand of flame (32)
Scrolls
 c - a scroll of brand weapon
 d - a scroll of immolation
 i - 3 scrolls of amnesia
 t - a scroll of summoning
 u - a scroll of fog
Potions
 f - 3 potions of might
 g - a potion of degeneration
 h - 2 potions of heal wounds
 j - a potion of enlightenment
 k - a potion of lignification
 m - 2 potions of ambrosia
 o - a potion of mutation
 q - 2 potions of curing


   Skills:
 + Level 5.5 Dodging
 + Level 5.4 Stealth
 + Level 4.6 Spellcasting
 + Level 6.2 Conjurations
 + Level 7.3 Air Magic


You had 5 spell levels left.
You knew the following spells:

 Your Spells              Type           Power      Damage    Failure   Level
a - Shock                 Conj/Air       100%       1d9       1%          1
b - Static Discharge      Conj/Air       50%        2-5/arc   1%          2
c - Foxfire               Conj/Fire      48%        2x1d6     5%          1
d - Swiftness             Air            29%        N/A       2%          3
e - Airstrike             Air            14%        2d(3-19)  7%          4

Your spell library contained the following spells:

 Spells                   Type           Power      Damage    Failure   Level
 Hailstorm                Conj/Ice       12%        3d5       16%         3
 Ensorcelled Hibernation  Hex/Ice        2%         N/A       28%         2
 Passwall                 Tmut/Erth      0%         N/A       28%         2
 Tukima's Dance           Hex            3%         N/A       41%         3
 Passage of Golubria      Tloc           3%         N/A       82%         4
 Ice Form                 Ice/Tmut       1%         N/A       88%         4
 Yara's Violent Unravell  Hex/Tmut       0%         3d3       99%         5
 Simulacrum               Ice/Necr       0%         N/A       100%        6


Dungeon Overview and Level Annotations

Branches:
Dungeon (6/15)             Temple (0/1) D:4

Altars:
Sif Muna
Vehumet
Wu Jian
Zin


Innate Abilities, Weirdness & Mutations

You have a beak for a mouth.
You have claws for feet.
Your magical nature lets you fly swiftly and evasively.


Message History

You hear some strange, mumbled words.
A magic dart appears from out of thin air!
The magic dart hits you!
You miss something. Your peck misses something.
The orc priest completely misses you. Something closely misses you.
You miss something. You peck something. Vehumet accepts your kill.
Reactivating autopickup.
You feel a bit more experienced.
The orc priest invokes the aid of Beogh against you.
Beogh smites you!
Unknown command.
Casting: Shock (safe; 1% risk of failure)
Confirm with . or Enter, or press ? or * to list all spells.
The orc priest is struck by an arc of lightning.
The orc priest is moderately wounded.
You are struck by an arc of lightning.
* * * LOW HITPOINT WARNING * * *
The orc priest is struck by an arc of lightning.
The orc priest is severely wounded.
You are struck by an arc of lightning.
* * * LOW HITPOINT WARNING * * *
The lightning grounds out.
The orc priest misses you.
Casting: Static Discharge (safe; 1% risk of failure)
Confirm with . or Enter, or press ? or * to list all spells.
The orc priest is struck by an arc of lightning.
The orc priest is almost dead.
You are struck by an arc of lightning.
* * * LOW HITPOINT WARNING * * *
The lightning grounds out.
The orc priest misses you.
Casting: Static Discharge (safe; 1% risk of failure)
Confirm with . or Enter, or press ? or * to list all spells.
The orc priest is struck by an arc of lightning.
The orc priest is almost dead.
You are struck by an arc of lightning.
* * * LOW HITPOINT WARNING * * *
The lightning grounds out.
The orc priest calls down the wrath of Beogh upon you.
Beogh smites you!
You die...

#.######....###.###...
#......#)##...#.......
#....#.#.####......###
#..................#..
#....###.#########.#.#
#....+.......# #.... ##
#....###.....# #.#.# .#
#...o........# #.... .#
#..))@...##### ..... .#
#.###....# ...... .#
###.######### ...<...
'#########..).........
#......#
.....).o.....##########
#......#
....))o...............#
... #
.....).......########.#
..
................#.....#
.
.............##.#.#####


You could see an orc priest.

Vanquished Creatures
  A water moccasin (D:6)
  An orc warrior (D:6)
  A black bear (D:5)
  3 centaurs (D:6)
  A bullfrog (D:5)
  2 scorpions (D:5)
  A howler monkey (D:5)
  2 orc priests
  5 hounds
  2 sleepcaps
  2 iguanas
  6 orc wizards
  7 adders
  3 gnolls (D:5)
  A white imp (D:3)
  An ufetubus (D:6)
  2 dart slugs (D:1)
  18 orcs
  11 endoplasms
  5 giant cockroaches
  12 hobgoblins
  6 jackals
  4 kobolds
  3 quokkas
  7 ball pythons
  9 bats
  2 frilled lizards
  11 goblins
  6 rats
135 creatures vanquished.

Notes
Turn   | Place    | Note
-------+----------+-------------------------------------------
     0 | D:1      | Zonian the Tengu Air Elementalist began the quest for the
                  | Orb.
     0 | D:1      | Reached XP level 1. HP: 10/10 MP: 4/4
   486 | D:1      | Reached XP level 2. HP: 15/15 MP: 1/6
   906 | D:1      | Reached XP level 3. HP: 19/19 MP: 1/7
  2545 | D:2      | Identified the +10 mace of Duhurora {elec, Str+5}
  2551 | D:2      | Reached XP level 4. HP: 23/24 MP: 2/8
  3641 | D:3      | Found an ornate altar of the Wu Jian Council.
  4173 | D:3      | Found a radiant altar of Vehumet.
  4177 | D:3      | Learned a level 2 spell: Static Discharge
  4186 | D:3      | Gained mutation: Your magical nature lets you fly swiftly
                  | and evasively. [Tengu growth]
  4186 | D:3      | Reached XP level 5. HP: 19/28 MP: 4/9
  4232 | D:3      | Became a worshipper of Vehumet
  4414 | D:4      | Found a staircase to the Ecumenical Temple.
  5084 | D:4      | Reached skill level 5 in Air Magic
  5380 | D:4      | You are sucked into a shaft and drop 2 floors!
  5456 | D:6      | Reached XP level 6. HP: 32/32 MP: 7/11
  5547 | D:6      | Noticed a water moccasin
  5557 | D:6      | Killed a water moccasin
  5558 | D:6      | Reached XP level 7. HP: 27/36 MP: 4/13
  5666 | D:6      | Reached * piety under Vehumet
  5666 | D:6      | Offered knowledge of Foxfire by Vehumet.
  5667 | D:6      | Reached skill level 6 in Air Magic
  5964 | D:6      | Learned a level 1 spell: Foxfire
  5986 | D:6      | Found a shimmering blue altar of Sif Muna.
  6079 | D:5      | Entered Level 5 of the Dungeon
  6574 | D:5      | Reached skill level 5 in Conjurations
  7446 | D:4      | Learned a level 3 spell: Swiftness
  7471 | D:4      | Reached XP level 8. HP: 15/41 MP: 8/15
  7898 | D:5      | Found a glowing silver altar of Zin.
  8336 | D:5      | Reached skill level 5 in Dodging
  8649 | D:5      | Reached skill level 5 in Stealth
  8736 | D:5      | Reached skill level 7 in Air Magic
  9460 | D:6      | Learned a level 4 spell: Airstrike
  9591 | D:6      | Killed from afar by an orc priest

Illustrated notes

Levels and vault maps discovered:
D:1:      minmay_arrival_glassed_features, layout_rooms
D:2:      layout_rooms, minmay_misc_feat_more_columns,
          kennysheep_generic_room_10
D:3:      layout_basic, vehumet_altar_wand_db, nzn_wu_jian_council_hall
D:4:      layout_basic, temple_pool_b
D:5:      layout_loops_cross, zin_academy
D:6:      layout_basic, lemuel_round_altar, uniq_menkaure, uniq_grinder

Skill      XL: |  1  2  3  4  5  6  7  8 |
---------------+-------------------------+-----
Conjurations   | 2 3 4 5 6 |  6.2
Dodging        | 3 4 5 |  5.5
Stealth        | 3 4 5 |  5.4
Air Magic      | 5 6 7 |  7.3
Spellcasting   | 3 4 |  4.6

Action                     |  1- 3 |  4- 6 |  7- 9 || total
---------------------------+-------+-------+-------++-------
  Melee: Dagger            |     3 |    19 |    47 ||    69
         Peck              |     1 |     3 |    10 ||    14
         Kick              |       |     8 |    11 ||    19
         Punch             |       |       |     1 ||     1
   Cast: Shock             |    94 |   118 |   100 ||   312
         Static Discharge  |       |    11 |    21 ||    32
  Evoke: Wand              |       |     1 |       ||     1
    Use: Scroll            |       |     9 |     6 ||    15
         Potion            |       |     4 |     2 ||     6
   Stab: Sleeping          |       |     2 |     1 ||     3
 Armour: Robe              |     6 |     7 |     6 ||    19
  Dodge: Dodged            |    17 |    39 |    61 ||   117

Table legend: (Time is in decaauts)
 A = Elapsed time spent in this place.
 B = Non-inter-level travel time spent in this place.
 C = Inter-level travel time spent in this place.
 D = Time resting spent in this place.
 E = Time spent auto-exploring this place.
 F = Levels seen in this place.
 G = Mean time per level.
                   A        B        C        D        E       F      G
               +--------+--------+--------+--------+--------+-----+--------+
         Total |   9399 |   9252 |    147 |   4644 |   3435 |   6 | 1566.5 |
       Dungeon |   9399 |   9252 |    147 |   4644 |   3435 |   6 | 1566.5 |
               +--------+--------+--------+--------+--------+-----+--------+

Top non-repeatable levels by time:
     D:3: 1878 daAuts
     D:2: 1739 daAuts
     D:5: 1733 daAuts
     D:6: 1447 daAuts
     D:4: 1359 daAuts
     D:1: 1242 daAuts
